 Dungeon Crawl Stone Soup version 0.25.1-9-gc5326a611f (webtiles) character file.

Game seed: 10852105110002257893

242 Gadfly the Ruffian (level 5, -5/46 HPs)
             Began as a Troll Artificer on Dec 28, 2020.
             Slain by a gnoll shaman
             ... wielding a +2 whip of electrocution
              (20 damage)
             ... on level 4 of the Dungeon.
             The game lasted 00:03:30 (1845 turns).

Gadfly the Ruffian (Troll Artificer)                Turns: 1845, Time: 00:03:31

Health: -5/46      AC:  6    Str: 21    XL:     5   Next: 82%
Magic:  5/5        EV: 10    Int:  7    God:
Gold:   151        SH:  0    Dex: 10    Spells: 4/4 levels left

rFire    . . .     SeeInvis .   b - +1 spear (venom)
rCold    . . .     Gourm    +   (no shield)
rNeg     . . .     Faith    .   l - +0 robe
rPois    .         Spirit   .   (helmet restricted)
rElec    .         Reflect  .   (no cloak)
rCorr    .         Harm     .   (gloves unavailable)
MR       .....                  (boots unavailable)
Stlth    +.........             k - amulet of regeneration
HPRegen  0.95/turn              (no ring)
MPRegen  0.09/turn              (no ring)

@: about to teleport
A: large, unfitting armour, claws 3, fast metabolism 3, gourmand, regeneration
1, shaggy fur 1, tough skin 3
a: no special abilities


You were on level 4 of the Dungeon.
You were completely stuffed.

You visited 1 branch of the dungeon, and saw 4 of its levels.

You collected 151 gold pieces.

Inventory:

Hand Weapons
 b - a +1 spear of venom (weapon)
Armour
 l - a +0 robe (worn)
Jewellery
 k - an amulet of regeneration (around neck)
Wands
 c - a wand of flame (15)
 d - a wand of enslavement (15)
 e - a wand of random effects (12)
Potions
 a - 3 potions of might
 h - a potion of lignification
Comestibles
 f - 3 rations
 g - 11 chunks of flesh


   Skills:
 - Level 0.7 Fighting
   Level 0.7 Short Blades
 - Level 1.5 Dodging
 - Level 0.3 Stealth
 + Level 5.7 Unarmed Combat
 - Level 2.1 Evocations


You had 4 spell levels left.
You didn't know any spells.
Your spell library was empty.

Dungeon Overview and Level Annotations

Branches:
Dungeon (3/15)

Altars:
Fedhas


Innate Abilities, Weirdness & Mutations

You are too large for most types of armour.
You have claws for hands.
Your metabolism is lightning-fast.
You like to eat raw meat.
Your natural rate of healing is unusually fast.
You are covered in fur. (AC +1)
You have extremely tough skin. (AC +3)


Message History

You resist with some effort.
You hit the gnoll.
The gnoll looks as sick as possible!
The gnoll is almost dead.
You kill the gnoll!
You closely miss the gnoll shaman.
The gnoll shaman hits you with a +2 whip of electrocution.
* * * LOW HITPOINT WARNING * * *
Unknown command.
As you read the scroll of teleportation, it crumbles to dust.
You feel strangely unstable.
The gnoll shaman hits you with a +2 whip of electrocution.
* * * LOW HITPOINT WARNING * * *
You completely miss the gnoll shaman. The gnoll barely misses you.
The gnoll shaman barely misses you.
You hit the gnoll shaman.
The gnoll shaman is poisoned.
The gnoll shaman is lightly wounded.
The gnoll hits you but does no damage.
The gnoll shaman hits you but does no damage.
You are electrocuted!!
You die...

## .+ ..#
### ...#
#.##)'######
#g.)......[.
#gg.......#8
#@##''##..#
### ..# ...
.# # +


You could see a gnoll shaman (very poisoned) and 2 gnolls.

Vanquished Creatures
  A gnoll shaman (D:4)
  An orc priest (D:3)
  Terence (D:2)
  An orc wizard (D:3)
  4 gnolls (D:4)
  An adder (D:3)
  2 worms (D:2)
  11 orcs
  2 giant cockroaches
  6 goblins
  5 hobgoblins
  9 jackals
  8 kobolds
  3 quokkas
  7 bats
  3 frilled lizards
  5 rats
70 creatures vanquished.

Vanquished Creatures (others)
  A quokka (D:3)
1 creature vanquished.

Grand Total: 71 creatures vanquished

Notes
Turn   | Place    | Note
-------+----------+-------------------------------------------
     0 | D:1      | Gadfly the Troll Artificer began the quest for the Orb.
     0 | D:1      | Reached XP level 1. HP: 18/18 MP: 1/1
    96 | D:1      | Reached skill level 1 in Unarmed Combat
   184 | D:1      | Reached XP level 2. HP: 22/26 MP: 2/2
   313 | D:1      | Reached skill level 2 in Unarmed Combat
   766 | D:2      | Reached XP level 3. HP: 32/32 MP: 3/3
   831 | D:2      | Noticed Terence
   842 | D:2      | Killed Terence
   842 | D:2      | Reached skill level 3 in Unarmed Combat
   913 | D:2      | Found a blossoming altar of Fedhas.
   950 | D:2      | Reached XP level 4. HP: 40/40 MP: 4/4
  1345 | D:3      | Reached skill level 4 in Unarmed Combat
  1381 | D:2      | Reached XP level 5. HP: 45/46 MP: 5/5
  1692 | D:3      | Reached skill level 5 in Unarmed Combat
  1817 | D:3      | You fall into a shaft and drop 1 floor!
  1845 | D:4      | Slain by a gnoll shaman

Illustrated notes

Levels and vault maps discovered:
D:1:      evilmike_arrival_plus, layout_loops_ring, wad_floor_pattern_1,
          hangedman_feature_mirror, serial_bayou_pond_d, minmay_misc_feat_tiny,
          minmay_strange_pillars
D:2:      layout_basic, lemuel_round_altar, uniq_terence
D:3:      kennysheep_goblin_castle, layout_basic,
          nicolae_overflow_hidden_temple, first_ration, elyvilon_altar_4,
          uniq_sigmund
D:4:      lemuel_castle_with_subvaults [lemuel_castle_interior_carwin_2],
          layout_basic, fedhas_ov_isle_minmay, uniq_duvessa

Skill      XL: |  1  2  3  4  5 |
---------------+----------------+-----
Unarmed Combat | 1 2 3 4 5 |  5.7
Fighting       | |  0.7
Short Blades   | |  0.7
Dodging        | |  1.5
Stealth        | |  0.3
Evocations     | |  2.1

Action                   |  1- 3 |  4- 6 || total
-------------------------+-------+-------++-------
Melee: Unarmed           |    42 |       ||    42
       Short sword       |     6 |       ||     6
       Spear             |    71 |   117 ||   188
       Punch             |       |     1 ||     1
Evoke: Wand              |       |     3 ||     3
  Use: Scroll            |     3 |     5 ||     8
 Stab: Sleeping          |     1 |       ||     1
  Eat: Chunk             |    14 |     9 ||    23
Armor: Robe              |    41 |    71 ||   112
Dodge: Dodged            |    63 |    99 ||   162
